 Dungeon Crawl Stone Soup version 0.17-a0-1460-g8163d8a (webtiles) character file.

80 zhaorenw the Insei (level 4, -4/32 HPs)
             Began as a Human Transmuter on July 1, 2015.
             Slain by Robin
             ... wielding a +0 mace
              (8 damage)
             ... on level 3 of the Dungeon.
             The game lasted 00:05:30 (2820 turns).

zhaorenw the Insei (Human Transmuter)               Turns: 2820, Time: 00:05:30

Health: -4/32      AC:  2    Str: 10    XL:     4   Next: 65%
Magic:  0/7        EV: 20    Int: 13    God:
Gold:   126        SH:  0    Dex: 20    Spells: 3 memorised, 1 level left

rFire  . . .     SeeInvis .       - Unarmed
rCold  . . .     Clarity  .     (armour currently unavailable)
rNeg   . . .     SustAt   .     (shield currently unavailable)
rPois  x         Gourm    .     (helmet currently unavailable)
rElec  .         Spirit   .     (cloak currently unavailable)
rCorr  .         Warding  .     (gloves currently unavailable)
rMut   .         Stasis   .     (boots currently unavailable)
MR     .....                    m - amulet of rage {+Rage, !d}
Stlth  ++........               (no ring)
                                (no ring)

@: spider-form (expiring), not resistant to hostile enchantments, unstealthy
A: no striking features
a: End Transformation, Evoke Berserk Rage


You were on level 3 of the Dungeon.
You were hungry.
You were a venomous arachnid creature.
You visited 1 branch of the dungeon, and saw 3 of its levels.

You collected 126 gold pieces.

Inventory:

Missiles
 a - 38 arrows
Armour
 b - a +0 robe (melded)
Jewellery
 m - an amulet of rage (around neck) {+Rage, !d}
   (You took it off a kobold on level 2 of the Dungeon)
Scrolls
 e - a scroll of remove curse {unknown}
 f - 2 scrolls of teleportation {unknown}
 g - a scroll of fear {unknown}
 i - 2 scrolls of identify {unknown}
 j - a scroll of enchant weapon {unknown}
 k - 2 scrolls of blinking {unknown}
 n - a scroll of fog {unknown}
Potions
 o - a potion of curing
Books
 c - a book of Changes
Comestibles
 d - 3 bread rations {@e1}
 l - a beef jerky


   Skills:
 - Level 1.2 Fighting
 - Level 2.0 Dodging
 * Level 4.2 Unarmed Combat
 - Level 2.0 Spellcasting
 + Level 3.3 Transmutations


You had one spell level left.
You knew the following spells:

 Your Spells              Type           Power        Failure   Level  Hunger
a - Beastly Appendage     Trmt           #.....       24%         1    ##.....
r - Spider Form           Trmt/Pois      #.........   61%         3    ####...
s - Sticks to Snakes      Trmt           #.........   28%         2    ###....


Dungeon Overview and Level Annotations

Branches:
Dungeon (3/15)

Altars:
Fedhas
Ru
Trog
Vehumet
Zin

Annotations:
D:3 Robin


Message History

You take 6 damage, and have 22/32 hp.
You closely miss the adder. Your kick misses the adder. The adder misses you.
You hit the adder but do no damage.
You feel sick. The goblin misses you. The adder bites you but does no damage.
You take 1 damage, and have 21/32 hp.
You miss the goblin. Your kick misses the goblin. The adder bites you.
The goblin hits you.
Robin of the Strong Arm comes into view.
She is wielding a mace.
You take 4 damage, and have 17/32 hp.
You closely miss the goblin.
You feel sick. The adder barely misses you. The goblin hits you.
You take 3 damage, and have 14/32 hp.
Unknown command.
Drink which item? (? for menu, Esc to quit)
Okay, then.
Drink which item? (? for menu, Esc to quit)
You feel better. The adder misses you. The goblin barely misses you.
The adder bites you.
You regained 3 hp, and now have 17/32 hp.
Your talons disappear.
You turn into a venomous arachnid creature.
Your +0 robe melds into your body.
You are feeling hungry.
The adder bites you. The goblin misses you. The adder completely misses you.
The goblin barely misses you. The adder misses you. The goblin misses you.
You take 4 damage, and have 13/32 hp.
You now have 4/7 mp.
You hit the adder.
The adder is poisoned.
The adder closely misses you. The goblin closely misses you.
A hobgoblin comes into view. It is wielding a club.
You barely miss the adder.
The hobgoblin shouts!
The adder bites you but does no damage.
You bite the adder!
You kill the adder!
Your transformation is almost over.
You closely miss the goblin. The goblin closely misses you.
The goblin completely misses you.
An adder comes into view.
You barely miss the goblin. The goblin closely misses you.
The goblin completely misses you.
You hit the goblin but do no damage.
The goblin is poisoned.
The goblin hits you. The goblin hits you with a club.
You take 2 damage, and have 12/32 hp.
You hit the goblin.
You kill the goblin!
The goblin barely misses you.
A goblin comes into view.
The goblin shouts!
You bite the hobgoblin!
You kill the hobgoblin!
The goblin closely misses you.
You hit the goblin.
You kill the goblin!
You bite the worm!
Robin roars a battlecry!
The goblins go into a battle-frenzy!
Robin drinks a potion.
Robin flickers and vanishes!
Deactivating autopickup; reactivate with Ctrl-A.
The goblin closely misses you.
You hit the worm.
The worm is poisoned.
The goblin misses you. The worm bites you.
* * * LOW HITPOINT WARNING * * *
You take 3 damage, and have 9/32 hp.
You hit the worm.
The worm looks even sicker.
Your transformation has ended.
Your +0 robe unmelds from your body.
You kill the worm!
You turn into a venomous arachnid creature.
Your +0 robe melds into your body.
Your transformation is almost over.
The goblin closely misses you. The goblin completely misses you.
You now have 2/7 mp.
You hit the goblin.
You kill the goblin!
Something hits you.
* * * LOW HITPOINT WARNING * * *
You take 1 damage, and have 8/32 hp.
Things that are here:
a goblin corpse; an adder corpse 2 goblins and 2 hobgoblins come into view.
The goblin shouts!
The hobgoblin shouts!
There is a stone staircase leading up here.
The goblins go into a battle-frenzy!
You hear a shout!
You hit something.
You hear a shout!
Something hits you but does no damage.
You barely miss something.
Your transformation has ended.
Your +0 robe unmelds from your body.
Something hits you.
* * * LOW HITPOINT WARNING * * *
You take 5 damage, and have 4/32 hp.
You turn into a venomous arachnid creature.
Your +0 robe melds into your body.
Your transformation is almost over.
Something hits you!
You die...

..........# #
#.##..##...# . .
#...# .. #..##
#.####..#
.#.#####.......#
.........####.##
....###g#####.#
.....g.gS{s...#
.######g#######
#.# #g#
#######†#
...gS.g.#
#########


You could see an adder, a hobgoblin and 3 goblins.

Vanquished Creatures
  2 adders
  An ooze (D:2)
  2 worms
  4 hobgoblins
  10 jackals
  3 bats
  11 goblins
  5 kobolds
  4 rats
42 creatures vanquished.

Vanquished Creatures (collateral kills)
  An ooze (D:2)
  2 worms (D:2)
  A hobgoblin (D:1)
  A kobold (D:2)
5 creatures vanquished.

Grand Total: 47 creatures vanquished

Notes
Turn   | Place    | Note
--------------------------------------------------------------
     0 | D:1      | zhaorenw the Human Transmuter began the quest for the Orb.
     0 | D:1      | Reached XP level 1. HP: 15/15 MP: 3/3
   409 | D:1      | Reached XP level 2. HP: 14/21 MP: 5/5
   608 | D:1      | Learned a level 2 spell: Sticks to Snakes
  1267 | D:1      | HP: 3/21 [jackal (3)]
  1269 | D:1      | HP: 1/21 [jackal (1)]
  1495 | D:1      | Reached XP level 3. HP: 21/26 MP: 4/6
  1546 | D:2      | Reached skill level 4 in Unarmed Combat
  1565 | D:2      | Learned a level 3 spell: Spider Form
  2260 | D:2      | Reached XP level 4. HP: 23/32 MP: 3/7
  2276 | D:2      | Found a sacrificial altar of Ru.
  2282 | D:2      | Found a bloodstained altar of Trog.
  2347 | D:2      | Found a glowing silver altar of Zin.
  2348 | D:2      | Found a radiant altar of Vehumet.
  2348 | D:2      | Found a blossoming altar of Fedhas.
  2441 | D:2      | Reached skill level 3 in Transmutations
  2791 | D:3      | Noticed Robin
  2809 | D:3      | HP: 8/32 [something (1)]
  2817 | D:3      | HP: 4/32 [something (5)]
  2820 | D:3      | Slain by Robin

Vault maps used:
D:1:      dpeg_arrival_erosion
D:2:      grunt_temple_overflow_open, hangedman_ru_absence
D:3:      first_bread, hangedman_decor_points, grunt_dithmenos_smoke,
          uniq_natasha, uniq_iyjb, uniq_robin, uniq_jessica

Action                   |  1- 3 |  4- 6 || total
-------------------------+-------+-------++-------
Melee: Unarmed           |   109 |    38 ||   147
 Cast: Beastly Appendage |    13 |     1 ||    14
       Sticks to Snakes  |     5 |     5 ||    10
       Spider Form       |       |     4 ||     4
  Use: Potion            |     2 |     1 ||     3
       Scroll            |     1 |       ||     1
 Stab: Sleeping          |     1 |       ||     1
  Eat: Chunk             |     5 |     2 ||     7

Vault maps used:
D:1:      dpeg_arrival_erosion
D:2:      grunt_temple_overflow_open, hangedman_ru_absence
D:3:      first_bread, hangedman_decor_points, grunt_dithmenos_smoke,
          uniq_natasha, uniq_iyjb, uniq_robin, uniq_jessica

Table legend:
 A = Turns spent in this place as a percentage of turns spent in the entire game.
 B = Non-inter-level travel turns spent in this place as a percentage of non-inter-level travel turns spent in the entire game.
 C = Inter-level travel turns spent in this place as a percentage of turns spent in this place.
 D = Turns resting spent in this place as a percentage of non-inter-level travel turns spent in this place.
 E = Turns spent auto-exploring this place as a percentage of non-inter-level travel turns spent in this place.
 F = Non-inter-level travel turns spent in this place divided by the number of levels of this place that you've seen.
                   A       B       C       D       E      F
               +-------+-------+-------+-------+-------+----------------------
         Total | 100.0 | 100.0 |   0.3 |   4.9 |   3.8 | 310.7
       Dungeon | 100.0 | 100.0 |   0.3 |   4.9 |   3.8 | 310.7
               +-------+-------+-------+-------+-------+----------------------

Table legend:
 A = Kills in this place as a percentage of kills in entire the game.
 B = Kills by you in this place as a percentage of kills by you in the entire game.
 C = Kills by friends in this place as a percentage of kills by friends in the entire game.
 D = Other kills in this place as a percentage of other kills in the entire game.
 E = Experience gained in this place as a percentage of experience gained in the entire game.
 F = Experience gained in this place divided by the number of levels of this place that you have seen.
                   A       B       C       D       E      F
               +-------+-------+-------+-------+-------+----------------------
         Total | 100.0 | 100.0 | 100.0 |  -nan | 100.0 |  38.3
       Dungeon | 100.0 | 100.0 | 100.0 |  -nan | 100.0 |  38.3
               +-------+-------+-------+-------+-------+----------------------
